 Dungeon Crawl Stone Soup version 0.23-a0-480-g1869896 (webtiles) character file.

148560 inmateoo the Scorcher (level 16, -3/134 HPs)
             Began as a Centaur Fire Elementalist on Nov 28, 2018.
             Was the Champion of Vehumet.
             Shot with an arrow by a deep elf master archer (18 damage)
             ... on level 3 of the Elven Halls.
             The game lasted 01:27:42 (37387 turns).

inmateoo the Scorcher (Centaur Fire Elementalist)  Turns: 37387, Time: 01:27:43

Health: -3/134     AC: 24    Str: 25    XL:     16   Next: 94%
Magic:  20/30      EV: 11    Int: 29    God:    Vehumet [******]
Gold:   1717       SH:  6    Dex: 14    Spells: 3/35 levels left

rFire    + + +     SeeInvis +   K - +5 rapier of the Mind {pain, *Noise rPois Int+10 Dex-2}
rCold    + . .     Gourm    .   R - +1 buckler of Peek-a-Boo {*Drain Str+6}
rNeg     . . .     Faith    .   k - +1 ring mail of Parts Unknown {rF++ SInv}
rPois    +         Spirit   .   L - +2 helmet
rElec    +         Reflect  .   T - +4 cloak "Imippi Ora" {Dex+5}
rCorr    .         Harm     .   i - +0 pair of gloves
MR       +....                  n - +4 centaur barding {rF+}
Stlth    +++.......             (no amulet)
HPRegen  1.32/turn              b - ring "Adacraci" {rElec rC+ Str+3 SInv Stlth+}
MPRegen  0.22/turn              E - ring of the Shining Light {rPois Str+4 SInv}

@: regenerating, very quick
A: large, hooves 3, deformed body, speed 2, tough skin 3
a: Renounce Religion


You were on level 3 of the Elven Halls.
You worshipped Vehumet.
Vehumet was exalted by your worship.
You were hungry.

You visited 4 branches of the dungeon, and saw 26 of its levels.
You also visited: Sewer, Ice Cave and Volcano.

You collected 2976 gold pieces.
You spent 1259 gold pieces at shops.

Inventory:

Hand Weapons
 j - a +0 demon blade of draining
 K - the +5 rapier of the Mind (weapon) {pain, *Noise rPois Int+10 Dex-2}
   (You found it on level 6 of the Lair of Beasts)

   In the hands of one skilled in necromantic magic, it inflicts extra damage on
   living creatures.
   It affects your intelligence (+10).
   It affects your dexterity (-2).
   It protects you from poison.
   It may make noises in combat.
 M - the +7 great mace "Firestarter" {inner flame, rF++}
   (You took it off a fire giant on level 9 of the Dungeon)

   It has been specially enchanted to burn those struck by it, causing extra
   injury to most foes and up to half again as much damage against particularly
   susceptible opponents.
   It greatly protects you from fire.
Armour
 i - a +0 pair of gloves (worn)
 k - the +1 ring mail of Parts Unknown (worn) {rF++ SInv}
   (You acquired it on level 1 of the Elven Halls)

   It greatly protects you from fire.
   It lets you see invisible.
 n - a +4 centaur barding of fire resistance (worn)
 L - a +2 helmet (worn)
 R - the +1 buckler of Peek-a-Boo (worn) {*Drain Str+6}
   (You bought it in a shop on level 2 of the Orcish Mines)

   It affects your strength (+6).
   It causes draining when unequipped.
 T - the +4 cloak "Imippi Ora" (worn) {Dex+5}
   (You found it on level 3 of the Lair of Beasts)

   It affects your dexterity (+5).
Magical Staves
 G - an uncursed staff of energy
Jewellery
 b - the ring "Adacraci" (left hand) {rElec rC+ Str+3 SInv Stlth+}
   (You took it off a frost giant in an ice cave)

   [ring of protection from cold]

   It affects your strength (+3).
   It protects you from cold.
   It insulates you from electricity.
   It lets you see invisible.
   It makes you more stealthy.
 E - the ring of the Shining Light (right hand) {rPois Str+4 SInv}
   (You took it off a spriggan on level 4 of the Lair of Beasts)

   [ring of see invisible]

   It affects your strength (+4).
   It protects you from poison.
   It lets you see invisible.
 S - an uncursed ring of protection from magic
Wands
 f - a wand of enslavement (13)
 x - a wand of iceblast (9)
 y - a wand of digging (6)
 C - a wand of paralysis (29)
 D - a wand of flame (7)
 F - a wand of random effects (13)
 Q - a wand of disintegration (7)
 W - a wand of polymorph (7)
 X - a wand of clouds (3)
Scrolls
 d - 5 scrolls of fear
 h - 4 scrolls of remove curse
 q - a scroll of holy word
 u - 2 scrolls of magic mapping
 v - 6 scrolls of amnesia
 z - 3 scrolls of blinking
 A - a scroll of enchant armour
 I - 9 scrolls of teleportation
 J - 2 scrolls of fog
 N - 9 scrolls of identify
Potions
 a - 3 potions of mutation
 e - 2 potions of cancellation
 m - 6 potions of brilliance
 o - 14 potions of heal wounds
 r - 7 potions of might
 s - 14 potions of curing
 t - 5 potions of flight
 w - 7 potions of agility
 B - 5 potions of berserk rage
 O - 3 potions of ambrosia
 P - 4 potions of haste
 U - 2 potions of resistance
Miscellaneous
 Z - a lightning rod (4/4)
Comestibles
 c - 29 rations


   Skills:
 - Level 10.0 Fighting
 - Level 2.2 Staves
 - Level 2.0 Armour
 - Level 7.0 Dodging
 - Level 4.0 Stealth
 - Level 4.0 Shields
 - Level 10.0 Spellcasting
 - Level 10.0 Conjurations
 - Level 4.0 Charms
 + Level 7.7 Necromancy
 + Level 19.5 Fire Magic
 - Level 4.0 Evocations


You had 3 spell levels left.
You knew the following spells:

 Your Spells              Type           Power        Failure   Level  Hunger
a - Ignition              Fire           #######...   3%          8    #######
b - Blink                 Tloc           N/A          9%          2    None
c - Conjure Flame         Conj/Fire      #######.     1%          3    None
d - Sticky Flame          Conj/Fire      #######.     1%          4    None
e - Fireball              Conj/Fire      #######...   1%          5    ###....
f - Animate Skeleton      Necr           N/A          1%          1    None
g - Bolt of Fire          Conj/Fire      #######...   1%          6    #####..
h - Regeneration          Chrm/Necr      #####.....   1%          3    None

Your spell library contained the following spells:

 Spells                   Type           Power        Failure   Level  Hunger
 Conjure Ball Lightning   Conj/Air       #####.....   28%         6    #####..
 Flame Tongue             Conj/Fire      #####        0%          1    None
 Throw Flame              Conj/Fire      ######       0%          2    None
 Magic Dart               Conj           ####         1%          1    None
 Pain                     Necr           ####         1%          1    None
 Shock                    Conj/Air       ####         1%          1    None
 Dazzling Spray           Conj/Hex       #####.       1%          3    None
 Ignite Poison            Fire/Tmut/Pois ######..     1%          3    None
 Inner Flame              Hex/Fire       ######..     1%          3    None
 Mephitic Cloud           Conj/Pois/Air  ####....     1%          3    None
 Static Discharge         Conj/Air       #####...     1%          3    None
 Vampiric Draining        Necr           ######....   1%          3    None
 Swiftness                Chrm/Air       ####....     3%          2    None
 Apportation              Tloc           ##....       5%          1    None
 Beastly Appendage        Tmut           ##....       5%          1    None
 Confusing Touch          Hex            ##....       5%          1    None
 Corona                   Hex            ##.....      5%          1    None
 Summon Butterflies       Summ           ##......     5%          1    None
 Summon Small Mammal      Summ           ##..         5%          1    None
 Call Imp                 Summ           ##......     9%          2    None
 Ensorcelled Hibernation  Hex/Ice        ##....       9%          2    None
 Slow                     Hex            ##......     9%          2    None
 Sticks to Snakes         Tmut           ##......     9%          2    None
 Confuse                  Hex            ##......     17%         3    None
 Lesser Beckoning         Tloc           ##........   17%         3    None
 Portal Projectile        Hex/Tloc       ##....       17%         3    None
 Spider Form              Tmut/Pois      ##........   17%         3    None
 Tukima's Dance           Hex            ##......     17%         3    None
 Animate Dead             Necr           N/A          2%          4    None
 Lightning Bolt           Conj/Air       #####.....   5%          5    ###....
 Airstrike                Air            ##........   16%         4    None
 Bolt of Cold             Conj/Ice       #####.....   28%         6    #####..
 Ring of Flames           Chrm/Fire      ######....   36%         7    ######.
 Freezing Cloud           Conj/Ice/Air   ####......   47%         6    #####..
 Cause Fear               Hex            ##........   50%         4    None
 Ice Form                 Ice/Tmut       ##......     50%         4    None
 Leda's Liquefaction      Hex/Erth       ##........   50%         4    None
 Alistair's Intoxication  Tmut/Pois      ##......     83%         5    ###....
 Blade Hands              Tmut           ##........   83%         5    ###....
 Metabolic Englaciation   Hex/Ice        ##........   83%         5    ###....
 Simulacrum               Ice/Necr       #####.....   87%         6    #####..
 Ozocubu's Refrigeration  Ice            ##........   88%         6    #####..
 Invisibility             Hex            ##......     100%        6    #####..
 Dragon Form              Tmut           ##........   100%        7    ######.
 Dragon's Call            Summ           ##........   100%        9    #######


Dungeon Overview and Level Annotations

Branches:
Dungeon (15/15)            Temple (0/1) D:7            Lair (6/6) D:11
 Shoals (0/4) Lair:4        Snake (0/4) Lair:3        Slime (0/5) Lair:5
    Orc (2/2) D:9             Elf (3/3) Orc:2        Vaults (0/5) D:13
 Depths (0/5) D:15

Altars:
Ashenzari
Dithmenos
Gozag
Hepliaklqana
Kikubaaqudgha
Okawaru
Ru
Trog
Uskayaw
Vehumet
Wu Jian
Yredelemnul
Beogh

Shops:
D:11 (   D:14 [}   Orc:1 *   Orc:2 ?}[[

Portals:
Pandemonium: Orc:2
Trove: D:15 (give +5 demon trident)

Annotations:
Elf:1 nht's ghost, veteran DsBe
Elf:2 Nikola


Innate Abilities, Weirdness & Mutations

You have hooves in place of feet.
Armour fits poorly on your strangely shaped body.
You cover ground very quickly.
You have extremely tough skin. (AC +3)


Message History

Your kick misses the deep elf master archer.
The deep elf master archer is moderately wounded.
The deep elf master archer burns!
The deep elf master archer shoots an arrow.
The arrow hits you!!
Casting: Sticky Flame (safe; 1% risk of failure)
Confirm with . or Enter, or press ? or * to list all spells.
Aiming: Bolt of Fire (safe; 1% risk of failure)
Press: ? - help, Shift-Dir - straight line, f/p - deep elf master archer
Aim: a deep elf master archer, wielding a +0 longbow and wearing a +0 leather The bolt of fire hits the deep elf master archer.
The deep elf master archer is severely wounded.
You are feeling hungry.
The deep elf master archer burns!
The deep elf master archer shoots an arrow.
The arrow hits you!!
* * * LOW HITPOINT WARNING * * *
The deep elf master archer shoots an arrow.
The arrow hits you!!
You die...

### ##.##
#########.#.###
#(@......###..#####
##e####..##
##.##... #..(..#.##
##.#.## #..#...##
##.... #.......##
##....# #(##..#..##
#...... #.
#....#.###..#...#
#.
##......#...##...
#. #..####.#####.##


You could see a deep elf master archer (burning).

Vanquished Creatures
  Gastronok (D:8)
  A fire giant (D:9)
  A frost giant (IceCv)
  2 deep elf sorcerers (Elf:3)
  The ghost of nethax the Peltast, a journeyman MiFi of Okawaru (Orc:2)
  A deep elf elementalist (Elf:3)
  The ghost of Bugas the Nimble, a journeyman HaHu of Dithmenos (D:14)
  A deep elf demonologist (Elf:3)
  4 deep elf annihilators
  A minotaur (Orc:2)
  The ghost of Decail the Geomancer, a journeyman GrEE of Vehumet (Lair:4)
  A deep elf death mage (Elf:3)
  Josephine (D:11)
  3 deep elf high priests (Elf:3)
  Erolcha (D:12)
  4 hydras
  2 vault guards (D:13)
  A catoblepas (Lair:6)
  A centaur warrior (D:14)
  A death knight (D:15)
  An ogre mage (D:15)
  4 two-headed ogres
  A deep troll shaman (Lair:6)
  2 tengu warriors (D:15)
  6 death yaks
  Urug (D:12)
  2 dancing weapons
  5 orc high priests (Orc:2)
  5 deep elf knights
  A fire crab (Volcano)
  2 skeletal warriors (D:15)
  2 torturous demonspawn (Orc:2)
  3 unseen horrors
  6 wizards
  A lindwurm (Volcano)
  Pikel (D:8)
  32 deep elf magi
  7 deep elf archers
  5 orc knights (Orc:2)
  11 orc sorcerers
  A manticore (D:15)
  6 ugly things (D:14)
  A rust devil (Orc:2)
  A cyclops (Orc:2)
  21 elephants
  4 oklob plants (Lair:3)
  Maurice (D:8)
  Joseph (D:8)
  An ice statue (IceCv)
  3 black mambas (Lair:6)
  A naga mage (D:15)
  A torpor snail (Lair:5)
  Psyche (D:12)
  2 rime drakes
  9 spiny frogs
  A hellwing (Orc:2)
  10 komodo dragons
  2 freezing wraiths (D:15)
  A kobold demonologist (D:15)
  2 red devils (Orc:2)
  18 polar bears
  5 trolls
  8 hornets
  3 meliai (D:14)
  2 queen bees
  Prince Ribbit (D:6)
  3 blink frogs (Lair:6)
  6 dream sheep
  11 hippogriffs
  7 slime creatures
  An air elemental (Elf:1)
  2 spriggans (Lair:4)
  Sigmund (D:2)
  74 yaks
  2 water elementals
  4 wyverns
  4 chaos spawn (Orc:2)
  4 wraiths
  3 basilisks
  17 humans (D:13)
  16 fire bats
  2 hungry ghosts
  A steam dragon (Volcano)
  2 vampire mosquitoes (D:15)
  Menkaure (D:7)
  Edmund (D:5)
  21 water moccasins
  2 soldier ants
  5 wargs
  An acid dragon (D:15)
  A hell hound (Volcano)
  3 sky beasts
  9 porcupines
  4 black bears
  14 ice beasts
  35 orc warriors
  2 phantoms (D:5)
  2 eyes of draining
  2 boggarts
  14 ogres
  21 wolves
  8 centaurs
  11 crocodiles
  16 bullfrogs
  2 big kobolds
  2 wyvern zombies (D:14)
  A gnoll sergeant (D:9)
  3 scorpions
  49 killer bees
  14 wights
  2 howler monkeys
  6 crimson imps
  3 bullfrog zombies
  6 hounds
  23 orc priests
  3 centaur skeletons
  Crazy Yiuf (D:2)
  2 jellies
  12 orc wizards
  Jessica (D:2)
  10 worker ants
  Natasha (D:4)
  3 worker ant zombies
  3 gnolls (D:9)
  18 adders
  8 river rats (Sewer)
  3 shadow imps
  3 oozes
  An adder zombie (D:7)
  2 dart slugs (D:4)
  A worm (D:5)
  4 leopard geckos
  74 orcs
  5 giant cockroaches
  5 goblins
  4 hobgoblins
  7 jackals (D:11)
  31 kobolds
  5 quokkas
  10 ball pythons
  6 bats
  6 frilled lizards
  3 jackal skeletons
  A quokka skeleton (D:6)
  22 rats
  A butterfly (D:7)
  2 fungi
  A plant (Lair:6)
938 creatures vanquished.

Vanquished Creatures (others)
  A deep elf sorcerer (Elf:3)
  A hippogriff (D:8)
  2 vampire mosquitoes (D:15)
  A slave (D:8)
  An orc (D:10)
  A quokka (D:10)
  A bush (Lair:6)
  15 fungi
  13 plants
36 creatures vanquished.

Grand Total: 974 creatures vanquished

Notes
Turn   | Place    | Note
-------+----------+-------------------------------------------
     0 | D:1      | inmateoo the Centaur Fire Elementalist began the quest for
                  | the Orb.
     0 | D:1      | Reached XP level 1. HP: 14/14 MP: 3/3
   122 | D:1      | Reached skill level 3 in Fire Magic
   190 | D:1      | Reached XP level 2. HP: 15/20 MP: 1/4
   953 | D:2      | Found a runed door.
   986 | D:2      | Learned a level 2 spell: Throw Flame
  1039 | D:2      | Found a sacrificial altar of Ru.
  1153 | D:2      | Reached XP level 3. HP: 16/26 MP: 3/5
  1271 | D:2      | Found a basalt altar of Yredelemnul.
  1271 | D:2      | Found a hide-covered altar of Uskayaw.
  1375 | D:2      | Reached skill level 4 in Fire Magic
  1669 | D:2      | Noticed Sigmund
  1671 | D:2      | Noticed Jessica
  1674 | D:2      | Killed Sigmund
  1674 | D:2      | Reached skill level 5 in Fire Magic
  1674 | D:2      | Reached XP level 4. HP: 33/33 MP: 6/6
  1674 | D:2      | Reached XP level 5. HP: 38/38 MP: 7/7
  1674 | D:2      | Killed Jessica
  1841 | D:2      | Learned a level 3 spell: Conjure Flame
  1841 | D:2      | Noticed Crazy Yiuf
  1847 | D:2      | Killed Crazy Yiuf
  2225 | D:3      | Found a glowing drain.
  2235 | D:3      | Reached skill level 1 in Fighting
  2235 | D:3      | Reached XP level 6. HP: 47/47 MP: 5/8
  2276 | Sewer    | Entered a sewer
  2450 | Sewer    | Reached skill level 6 in Fire Magic
  3759 | D:4      | Got a twisted leather armour
  3778 | D:4      | Identified the +1 leather armour "Zuptats" {+Fly rN+++ MP-9
                  | SInv} (You found it on level 4 of the Dungeon)
  3876 | D:4      | Found a radiant altar of Vehumet.
  3898 | D:4      | Became a worshipper of Vehumet
  3978 | D:4      | Noticed Natasha
  3985 | D:4      | Killed Natasha
  3985 | D:4      | Reached XP level 7. HP: 46/56 MP: 8/11
  4080 | D:4      | Found a shadowy altar of Dithmenos.
  4080 | D:4      | Found an ornate altar of the Wu Jian Council.
  4121 | D:4      | Found a shattered altar of Ashenzari.
  4238 | D:5      | Entered Level 5 of the Dungeon
  4394 | D:5      | Reached skill level 5 in Fighting
  4417 | D:5      | Reached skill level 1 in Conjurations
  4746 | D:5      | Noticed Edmund
  4758 | D:5      | Killed Edmund
  4758 | D:5      | Reached skill level 1 in Staves
  4758 | D:5      | Reached XP level 8. HP: 51/69 MP: 12/12
  4848 | D:5      | Found a hide-covered altar of Uskayaw.
  5242 | D:6      | Noticed Prince Ribbit
  5282 | D:6      | Learned a level 1 spell: Animate Skeleton
  5287 | D:6      | Learned a level 4 spell: Sticky Flame
  5459 | D:6      | Killed Prince Ribbit
  5459 | D:6      | Reached * piety under Vehumet
  5459 | D:6      | Offered knowledge of Magic Dart by Vehumet.
  5942 | D:7      | Found a staircase to the Ecumenical Temple.
  6434 | D:7      | Noticed Menkaure
  6439 | D:7      | Reached XP level 9. HP: 39/75 MP: 15/15
  6441 | D:7      | Killed Menkaure
  6441 | D:7      | Reached skill level 7 in Fire Magic
  6628 | D:7      | Identified a scroll of acquirement
  6894 | D:7      | Found an iron altar of Okawaru.
  7132 | D:7      | Found a hazy altar of Hepliaklqana.
  7167 | D:8      | Noticed Maurice
  7194 | D:8      | Killed Maurice
  7311 | D:8      | Noticed a two-headed ogre
  7312 | D:8      | Noticed Joseph
  7588 | D:8      | Offered knowledge of Sting by Vehumet.
  7639 | D:8      | Reached ** piety under Vehumet
  7646 | D:8      | Found an opulent altar of Gozag.
  7701 | D:8      | Reached skill level 5 in Spellcasting
  7711 | D:8      | Reached skill level 8 in Fire Magic
  7919 | D:8      | Noticed Gastronok
  7926 | D:8      | Killed Gastronok
  7926 | D:8      | Reached skill level 10 in Fire Magic
  7926 | D:8      | Reached XP level 10. HP: 54/86 MP: 10/17
  8206 | D:8      | Noticed Pikel
  8216 | D:8      | Killed Pikel
  8259 | D:8      | Reached skill level 1 in Armour
  8399 | D:8      | Killed Joseph
  8733 | D:8      | Killed a two-headed ogre
  9012 | D:9      | Reached skill level 5 in Conjurations
  9318 | D:9      | Offered knowledge of Searing Ray by Vehumet.
  9365 | D:9      | Reached XP level 11. HP: 28/93 MP: 2/19
  9369 | D:9      | Reached *** piety under Vehumet
  9428 | D:9      | Found a roughly hewn altar of Beogh.
  9429 | D:9      | Found a staircase to the Orcish Mines.
  9439 | D:9      | Found a radiant altar of Vehumet.
  9775 | D:9      | Learned a level 5 spell: Fireball
 10291 | D:10     | Entered Level 10 of the Dungeon
 10297 | D:10     | Noticed a fire giant
 10418 | D:10     | Paralysed by a hornet for 1 turns
 10425 | D:9      | Paralysed by a hornet for 3 turns
 10426 | D:9      | Offered knowledge of Static Discharge by Vehumet.
 11980 | D:11     | Reached **** piety under Vehumet
 11999 | D:11     | Reached skill level 11 in Fire Magic
 12145 | D:11     | Offered knowledge of Mephitic Cloud by Vehumet.
 12346 | D:11     | Noticed Josephine
 12701 | D:11     | Found a staircase to the Lair.
 12751 | D:11     | Killed Josephine
 12839 | D:11     | Found Oqeitz's Weapon Shop.
 12875 | D:12     | Noticed Psyche
 12885 | D:12     | Killed Psyche
 13202 | D:12     | Reached skill level 1 in Evocations
 13451 | D:12     | Noticed Erolcha
 13460 | D:12     | Noticed Urug
 13467 | D:12     | Killed Erolcha
 13868 | D:12     | Noticed a five-headed hydra
 13896 | D:12     | Killed a five-headed hydra
 13896 | D:12     | Reached skill level 12 in Fire Magic
 13961 | D:12     | Reached XP level 12. HP: 93/101 MP: 15/22
 14246 | D:12     | Killed Urug
 14497 | D:13     | Found a bloodstained altar of Trog.
 14554 | D:13     | Learned a level 6 spell: Bolt of Fire
 14670 | D:13     | Reached ***** piety under Vehumet
 15011 | D:13     | Offered knowledge of Orb of Destruction by Vehumet.
 15539 | D:13     | Reached skill level 13 in Fire Magic
 15558 | D:13     | Noticed a vault guard
 15592 | D:13     | Killed a vault guard
 15726 | D:13     | Noticed a vault guard
 15727 | D:13     | Identified the +9 dagger of Nigaclec {drain, Dex+2}
 15750 | D:13     | Reached skill level 14 in Fire Magic
 15758 | D:13     | Killed a vault guard
 16141 | D:13     | Found a gate to the Vaults.
 16211 | D:14     | Found a transporter.
 16215 | D:14     | Found a transporter.
 16216 | D:14     | Noticed Bugas's ghost (journeyman HaHu)
 16403 | D:14     | Reached skill level 15 in Fire Magic
 16403 | D:14     | Reached XP level 13. HP: 79/107 MP: 19/25
 16585 | D:14     | Found Ruattil's Antique Armour Boutique.
 16600 | D:14     | Found Leum's Gadget Boutique.
 17003 | D:14     | Reached skill level 16 in Fire Magic
 17155 | D:15     | Entered Level 15 of the Dungeon
 17181 | D:15     | Found a portal to a secret trove of treasure.
 18563 | D:15     | Found a staircase to the Depths.
 18572 | D:15     | Reached skill level 17 in Fire Magic
 19491 | Lair:1   | Entered Level 1 of the Lair of Beasts
 21063 | Lair:2   | Reached skill level 18 in Fire Magic
 21590 | Lair:3   | Found a staircase to the Snake Pit.
 21604 | Lair:3   | Offered knowledge of Throw Icicle by Vehumet.
 21605 | Lair:3   | Reached XP level 14. HP: 82/115 MP: 5/26
 22198 | Lair:3   | Got a dazzling falchion
 22199 | Lair:3   | Identified the cursed +1 falchion of Impatience {antimagic,
                  | rF+++} (You found it on level 3 of the Lair of Beasts)
 22279 | Lair:3   | Reached skill level 1 in Shields
 22390 | Lair:3   | Offered knowledge of Iron Shot by Vehumet.
 22921 | Lair:3   | Got a dazzling cloak
 22932 | Lair:3   | Identified the +4 cloak "Imippi Ora" {Dex+5} (You found it
                  | on level 3 of the Lair of Beasts)
 23778 | Lair:4   | Learned a level 3 spell: Regeneration
 23866 | Lair:4   | Found a frozen archway.
 23890 | IceCv    | Entered an ice cave
 24176 | IceCv    | Reached skill level 1 in Necromancy
 24340 | IceCv    | Reached skill level 1 in Charms
 24753 | IceCv    | Noticed a frost giant
 24980 | IceCv    | Identified the ring "Adacraci" {rElec rC+ Str+3 SInv
                  | Stlth+}
 24992 | IceCv    | Killed a frost giant
 25517 | Lair:4   | Found a staircase to the Shoals.
 25532 | Lair:4   | Found a runed door.
 25537 | Lair:4   | Noticed Decail's ghost (journeyman GrEE)
 25538 | Lair:4   | Identified the +1 trident of the Five Planets {holy, rC+
                  | Int+2 Dex+4}
 26084 | Lair:4   | Identified the ring of the Shining Light {rPois Str+4 SInv}
 26113 | Lair:4   | Killed Decail's ghost
 26125 | Lair:4   | Reached XP level 15. HP: 27/124 MP: 8/27
 26503 | Lair:5   | Offered knowledge of Bolt of Draining by Vehumet.
 26807 | Lair:5   | Found a staircase to the Slime Pits.
 27161 | Lair:5   | Found a dark tunnel.
 27173 | Volcano  | Entered a volcano
 27786 | Lair:6   | Entered Level 6 of the Lair of Beasts
 28643 | Lair:6   | Offered knowledge of Poison Arrow by Vehumet.
 29018 | Lair:6   | Reached skill level 5 in Dodging
 29710 | Lair:6   | Identified the +5 rapier of the Mind {pain, *Noise rPois
                  | Int+10 Dex-2} (You found it on level 6 of the Lair of
                  | Beasts)
 29932 | Lair:6   | Learned a level 8 spell: Ignition
 30417 | D:9      | Killed a fire giant
 30481 | Orc:1    | Entered Level 1 of the Orcish Mines
 30671 | Orc:1    | Found Xusomey's Assorted Antiques.
 30845 | Orc:2    | Entered Level 2 of the Orcish Mines
 30858 | Orc:2    | Found a runed gate.
 30858 | Orc:2    | Found a runed gate.
 30858 | Orc:2    | Found a runed gate.
 31166 | Orc:2    | Noticed nethax's ghost (journeyman MiFi)
 31208 | Orc:2    | Found Niozaz's Magic Scroll Boutique.
 31235 | Orc:2    | Offered knowledge of Spellforged Servitor by Vehumet.
 31261 | Orc:2    | Found Warch's Distillery.
 31567 | Orc:2    | Bought a potion of might for 60 gold pieces
 31567 | Orc:2    | Bought a potion of heal wounds for 75 gold pieces
 31567 | Orc:2    | Bought a potion of agility for 60 gold pieces
 31567 | Orc:2    | Bought a potion of ambrosia for 120 gold pieces
 31567 | Orc:2    | Bought a potion of curing for 45 gold pieces
 31567 | Orc:2    | Bought a potion of curing for 45 gold pieces
 31567 | Orc:2    | Bought a potion of haste for 150 gold pieces
 31567 | Orc:2    | Bought 2 potions of curing for 90 gold pieces
 31567 | Orc:2    | Bought a potion of brilliance for 60 gold pieces
 31567 | Orc:2    | Bought a potion of curing for 45 gold pieces
 31567 | Orc:2    | Bought a potion of berserk rage for 75 gold pieces
 31569 | Orc:2    | Bought a scroll of magic mapping for 49 gold pieces
 31569 | Orc:2    | Bought a scroll of teleportation for 42 gold pieces
 31569 | Orc:2    | Bought a scroll of magic mapping for 49 gold pieces
 31816 | Orc:2    | Reached skill level 10 in Fighting
 32248 | Orc:2    | Reached XP level 16. HP: 134/134 MP: 21/29
 32307 | Orc:2    | Found a staircase to the Elven Halls.
 32353 | Orc:2    | Found Zyplu's Antique Armour Shop.
 32480 | Orc:2    | Found a roughly hewn altar of Beogh.
 32631 | Orc:2    | Found Miallax's Gadget Emporium.
 32631 | Orc:2    | Found Veocosil's Antique Armour Shoppe.
 32639 | Orc:2    | Found a one-way gate leading to the halls of Pandemonium.
 32659 | Orc:2    | Bought a faintly glowing buckler for 294 gold pieces
 32669 | Orc:2    | Identified the +1 buckler of Peek-a-Boo {*Drain Str+6} (You
                  | bought it in a shop on level 2 of the Orcish Mines)
 32722 | Orc:2    | Reached skill level 5 in Necromancy
 32722 | Orc:2    | Reached skill level 19 in Fire Magic
 32733 | Orc:2    | Killed nethax's ghost
 32733 | Orc:2    | Reached skill level 10 in Conjurations
 33109 | D:14     | Reached ****** piety under Vehumet
 33162 | D:14     | Killed Bugas's ghost
 33185 | D:14     | Got a bound pewter ring
 33193 | D:14     | Identified the ring of Mysticism {Fire +Inv Str+2 Int-3
                  | Dex+2} (You found it on level 14 of the Dungeon)
 33224 | D:14     | Learned a level 2 spell: Blink
 33721 | Elf:1    | Entered Level 1 of the Elven Halls
 34318 | Elf:1    | Offered knowledge of Conjure Ball Lightning by Vehumet.
 34912 | Elf:1    | Got a heavily runed ring mail
 34916 | Elf:1    | Identified the +1 ring mail of Parts Unknown {rF++ SInv}
                  | (You acquired it on level 1 of the Elven Halls)
 34931 | Elf:1    | Found an ancient bone altar of Kikubaaqudgha.
 34942 | Elf:1    | Found a runed door.
 34950 | Elf:1    | Noticed nht's ghost (veteran DsBe)
 35233 | Elf:1    | Reached skill level 10 in Spellcasting
 35513 | Elf:2    | Noticed Nikola
 36191 | Elf:3    | Entered Level 3 of the Elven Halls
 37063 | Elf:3    | Noticed a Brimstone Fiend
 37065 | Elf:3    | Noticed a deep elf master archer
 37387 | Elf:3    | Shot with an arrow by a deep elf master archer

Vault maps used:
D:1:      kennysheep_arrival_seaside, minmay_misc_feat_tower
D:2:      lemuel_crystal_altar, gammafunk_temple_overflow_wave,
          uniq_crazy_yiuf_cottage, uniq_sigmund, uniq_jessica
D:3:      cheibrodos_sewer_entry_sluice, lightli_corner_chamber
D:4:      cheibrodos_ashenzari_chains, overflow_temple_1_default,
          chequers_temple_overflow_statue_of_worship, first_ration,
          nicolae_underground_beach, uniq_natasha
D:5:      basic_altar, uniq_edmund
D:6:      uniq_prince_ribbit1
D:7:      kennysheep_mini_moat, lemuel_coloured_pillars_altar,
          minmay_temple_entry_butterflies, grunt_ogre_cave, uniq_menkaure
D:8:      grunt_gozag_statues, serial_glass, glass_columns_a, glass_columns_c,
          glass_columns_a, glass_columns_c, glass_columns_c, glass_columns_a,
          glass_columns_c, glass_columns_b, glass_columns_c, glass_columns_a,
          uniq_maurice, uniq_pikel, uniq_gastronok, uniq_joseph
D:9:      david_orc_5, basic_altar
D:10:     minmay_firetagon, hangedman_abyss_or_decor_lesser_grid
D:11:     lair_entry_dummy, serial_shops, shop, minivault_25,
          hangedman_decor_slide_cut, patterned_corridor, uniq_josephine
D:12:     uniq_erolcha, uniq_psyche, uniq_urug
D:13:     grunt_vaults_entry_tiered, basic_altar
D:14:     gammafunk_ghost_hive, serial_shops, kennysheep_mini, shop,
          glass_columns_b
D:15:     grunt_enter_depths_magical_seal, enter_trove_2, minmay_door_square,
          minivault_24
Lair:1:   minivault_25
Lair:2:   beast_lair_carwin_3
Lair:3:   hangedman_what_comes_after_a, minmay_snake_entry_six_corridors,
          minivault_27
Lair:4:   elwin_shoals_entry_rocks, portal_ice_cave_entry_ice_beasts,
          ebering_ghost_funeral_grove, minivault_26
Lair:5:   slime_dummy, nicolae_volcano_entry_batcave, infiniplex_staircase_pool
Lair:6:   grunt_lair_end_beastmaster, grunt_megastairs_5,
          infiniplex_staircase_pool_2, serial_bayou_shore_a, lemuel_fruit_tree
Orc:1:    serial_shops, shop
Orc:2:    pf_orc_diabolical, serial_shops, shop_statue,
          maelrawn_ghost_labyrinth_escape, kennysheep_orc_chapel
Elf:1:    eino_elf_arrival_customs, ebering_ghost_inner_flame, basic_altar,
          hangedman_elf_disciples
Elf:2:    serial_shops, shop, spider_trap, kb_rosetta, lemuel_elevator,
          uniq_nikola, uniq_asterion, uniq_azrael
Elf:3:    nooodl_elf_gasket
Sewer:    sewer_minmay_treatment
IceCv:    ice_cave_caverns_01
Volcano:  volcano_pools

Skill      XL: |  1  2  3  4  5  6  7  8  9 10 11 12 13 14 15 16 |
---------------+-------------------------------------------------+-----
Fire Magic     | 3 5 6 10 12 15 18 19 | 19.5
Fighting       | 1 2 5 6 7 8 9 10 | 10.0
Spellcasting   | 2 3 4 5 7 8 9 10 | 10.0
Conjurations   | 1 3 4 5 7 8 9 10 | 10.0
Staves         | 1 2 |  2.2
Armour         | 2 |  2.0
Dodging        | 2 3 4 5 7 |  7.0
Evocations     | 2 4 |  4.0
Stealth        | 4 |  4.0
Shields        | 2 4 |  4.0
Necromancy     | 2 4 7 |  7.7
Charms         | 2 4 |  4.0

Action                   |  1- 3 |  4- 6 |  7- 9 | 10-12 | 13-15 | 16-18 || total
-------------------------+-------+-------+-------+-------+-------+-------++-------
Melee: Short sword       |    69 |       |       |       |       |       ||    69
       Unarmed           |     4 |       |       |       |       |       ||     4
       Kick              |    14 |    13 |    29 |    81 |   300 |    43 ||   480
       Quarterstaff      |       |    76 |   216 |   376 |       |       ||   668
       Dagger            |       |       |       |    11 |   788 |       ||   799
       Rapier            |       |       |       |       |   113 |   137 ||   250
       Demon blade       |       |       |       |       |       |    28 ||    28
       Long sword        |       |       |       |       |       |     4 ||     4
 Cast: Flame Tongue      |    39 |    51 |    24 |    68 |    39 |       ||   221
       Conjure Flame     |       |     2 |     2 |    17 |    32 |     3 ||    56
       Throw Flame       |       |     2 |     7 |     1 |     1 |       ||    11
       Sticky Flame      |       |       |     4 |    37 |   188 |    22 ||   251
       Fireball          |       |       |       |    39 |    96 |     8 ||   143
       Bolt of Fire      |       |       |       |       |    16 |    15 ||    31
       Ignition          |       |       |       |       |    12 |    29 ||    41
       Regeneration      |       |       |       |       |    11 |     3 ||    14
Evoke: Wand              |     3 |     3 |     1 |    21 |    42 |    10 ||    80
       Sack of spiders   |       |       |       |     1 |       |       ||     1
       Lightning rod     |       |       |       |       |     4 |       ||     4
  Use: Potion            |     2 |       |       |     2 |       |       ||     4
       Scroll            |       |    11 |     5 |    10 |    17 |     8 ||    51
 Stab: Sleeping          |       |     1 |       |       |     4 |     5 ||    10
       Paralysed         |       |     1 |     3 |    13 |     4 |       ||    21
       Confused          |       |     1 |     1 |     1 |       |       ||     3
       Petrified         |       |       |       |       |     8 |       ||     8
       Petrifying        |       |       |       |       |     2 |       ||     2
  Eat: Chunk             |     1 |     9 |    10 |    25 |    46 |    14 ||   105
       Ration            |       |       |     1 |     5 |    12 |     7 ||    25
Armor: Robe              |    51 |    37 |    92 |    86 |       |       ||   266
       Ring mail         |       |       |       |   228 |   739 |    43 ||  1010
       Troll leather arm |       |       |       |       |    69 |    67 ||   136
Dodge: Dodged            |    37 |    42 |    91 |   153 |   526 |    71 ||   920
Block: Buckler           |       |       |       |       |    28 |    44 ||    72
       Rpst.: Demon blade |       |       |       |       |       |     2 ||     2

Table legend:
 A = Non-vault XP
 B = Vault XP
 C = Vault XP percentage of total XP
 D = Non-vault monster count
 E = Vault monster count
 F = Vault count percentage of total count
                 A         B        C        D         E       F
            +---------+---------+-------+---------+---------+-------
      Total |   95413 |  116816 |  55.0 |     497 |     439 |  46.9
            +---------+---------+-------+---------+---------+-------
        D:1 |      27 |       0 |   0.0 |      18 |       0 |   0.0
        D:2 |      40 |     304 |  88.4 |      21 |       3 |  12.5
        D:3 |      12 |       6 |  33.3 |       7 |       4 |  36.4
        D:4 |     165 |      35 |  17.5 |       9 |       1 |  10.0
        D:5 |     596 |     171 |  22.3 |      17 |       1 |   5.6
        D:6 |     247 |     283 |  53.4 |      14 |       1 |   6.7
        D:7 |    1142 |     285 |  20.0 |      22 |       2 |   8.3
        D:8 |    2143 |    3756 |  63.7 |      21 |       4 |  16.0
        D:9 |    2558 |    3073 |  54.6 |      32 |      28 |  46.7
       D:10 |    1096 |     190 |  14.8 |      21 |       1 |   4.5
       D:11 |    1413 |    1697 |  54.6 |      26 |       4 |  13.3
       D:12 |    3505 |    2209 |  38.7 |      22 |       3 |  12.0
       D:13 |    5025 |    8496 |  62.8 |      22 |      25 |  53.2
       D:14 |    6962 |    3805 |  35.3 |      22 |      14 |  38.9
       D:15 |    8400 |    5029 |  37.4 |      19 |       9 |  32.1
     Lair:1 |    1694 |       0 |   0.0 |       5 |       0 |   0.0
     Lair:2 |    2395 |     716 |  23.0 |      12 |       5 |  29.4
     Lair:3 |    7339 |   11100 |  60.2 |      28 |      72 |  72.0
     Lair:4 |    5362 |    3988 |  42.7 |      17 |      14 |  45.2
     Lair:5 |    5269 |     594 |  10.1 |      20 |       3 |  13.0
     Lair:6 |   11810 |    9074 |  43.4 |      46 |      22 |  32.4
      Orc:1 |     776 |       0 |   0.0 |      16 |       0 |   0.0
      Orc:2 |    4272 |   21736 |  83.6 |      25 |      80 |  76.2
      Elf:1 |   13545 |    9084 |  40.1 |      22 |      15 |  40.5
      Elf:2 |       0 |     688 | 100.0 |       0 |       1 | 100.0
      Elf:3 |    9620 |   11426 |  54.3 |      13 |       9 |  40.9
      Sewer |       0 |     268 | 100.0 |       0 |      48 | 100.0
      IceCv |       0 |   15218 | 100.0 |       0 |      57 | 100.0
    Volcano |       0 |    3585 | 100.0 |       0 |      13 | 100.0
            +---------+---------+-------+---------+---------+-------
